 Dungeon Crawl Stone Soup version 0.30-a0-702-gdf48620a09 (webtiles) character file.

Game seed: 15688421004179201649

42116 flotson the Cleaver (level 13, -13/101 HPs)
             Began as a Demonspawn Delver on Jan 21, 2023.
             Was a High Priest of Hepliaklqana.
             Mangled by a boulder beetle (33 damage)
             ... on level 5 of the Lair of Beasts.
             The game lasted 00:29:14 (13323 turns).

flotson the Cleaver (Demonspawn Delver)            Turns: 13323, Time: 00:29:15

Health: -13/101    AC: 26    Str: 35    XL:     13   Next: 83%
Magic:  19/19      EV: 13    Int: 12    God:    Hepliaklqana [*****.]
Gold:   1103       SH:  6    Dex: 16    Spells: 12/12 levels left

rFire   + + +      SeeInvis .    a - +0 war axe (heavy)
rCold   . . .      Faith    .    p - +0 buckler
rNeg    . . .      Spirit   .    W - +6 chain mail of the Nexus {rF+ Str+5 Dex+2}
rPois   .          Reflect  .    j - +2 helmet of Courage {+Blink}
rElec   .          Harm     .    F - +0 cloak {rF+}
rCorr   .          Rampage  .    b - +0 pair of gloves
Will    .....                    (no boots) Stlth
                                 e - amulet of regeneration
HPRegen 1.96/turn                J - +6 ring of strength
MPRegen 0.16/turn                V - +6 ring of strength

@: about to teleport, on blink cooldown, hasted, unable to drink, very quick
A: reduced essence, molten scales 3, demonic guardian 2, robust 1, demonic magic
2, demonic touch 1, regeneration 1, inability to drink after injury 1
a: Renounce Religion, Evoke Blink, Recall Ancestor, Ancestor Identity,
Transference, Idealise


You were on level 5 of the Lair of Beasts.
You worshipped Hepliaklqana.
Hepliaklqana was extremely pleased with you.
You visited 3 branches of the dungeon, and saw 16 of its levels.
You also visited: Volcano.

You collected 1103 gold pieces.

Inventory:

Hand Weapons
 a - a +0 heavy war axe (weapon)
Missiles
 d - 3 atropa-tipped darts
 i - 56 poisoned darts
 k - 5 boomerangs of dispersal
 B - 4 silver boomerangs
 D - 6 datura-tipped darts
 M - a silver javelin
 N - a javelin
 O - 10 boomerangs
 P - a throwing net
 Y - 5 curare-tipped darts (quivered)
Armour
 b - a +0 pair of gloves (worn)
 j - the +2 helmet of Courage (worn) {+Blink}
   (You took it off Robin on level 2 of the Dungeon)

   +Blink:    It lets you blink.
 p - a +0 buckler (worn)
 F - a +0 cloak of fire resistance (worn)
 W - the +6 chain mail of the Nexus (worn) {rF+ Str+5 Dex+2}
   (You found it on level 10 of the Dungeon)

   Str:       It affects your strength (+5).
   Dex:       It affects your dexterity (+2).
   rF:        It protects you from fire.
Jewellery
 e - an amulet of regeneration (around neck)
 f - a +5 ring of evasion
 J - a +6 ring of strength (left hand)
 V - a +6 ring of strength (right hand)
Wands
 g - a wand of digging (14)
 s - a wand of light (4)
 R - a wand of charming (13)
 U - a wand of roots (6)
 X - a wand of mindburst (8)
Scrolls
 c - a scroll of fog
 l - 3 scrolls of identify
 n - 2 scrolls of blinking {unknown}
 t - 4 scrolls of magic mapping
 v - 5 scrolls of poison
 w - a scroll of acquirement {unknown}
 x - 5 scrolls of vulnerability
 y - 2 scrolls of brand weapon {unknown}
 C - 4 scrolls of teleportation
 G - 3 scrolls of enchant weapon {unknown}
 H - a scroll of torment {unknown}
 Q - 3 scrolls of enchant armour {unknown}
Potions
 h - 2 potions of flight
 m - 4 potions of berserk rage {unknown}
 o - 4 potions of curing
 q - 4 potions of might {unknown}
 r - a potion of resistance {unknown}
 u - 3 potions of degeneration {unknown}
 z - 2 potions of invisibility {unknown}
 A - 4 potions of heal wounds {unknown}
 E - a potion of cancellation {unknown}
 I - 4 potions of lignification
 K - a potion of brilliance {unknown}
 Z - 2 potions of magic {unknown}


   Skills:
 + Level 9.0 Fighting
 * Level 10.9 Axes
 + Level 7.5 Throwing
 + Level 7.7 Armour
 + Level 8.0 Dodging
 - Level 5.0 Stealth
 * Level 8.0 Shields
 - Level 8.0 Invocations
 + Level 8.3 Evocations


You had 12 spell levels left.
You didn't know any spells.
Your spell library contained the following spells:

 Spells                   Type           Power      Damage    Failure   Level
 Apportation              Tloc           0%         N/A       82%         1
 Beastly Appendage        Tmut           0%         N/A       82%         1
 Cigotuvi's Dreadful Rot  Necr/Pois/Air  0%         N/A       91%         2
 Poisonous Vapours        Pois/Air       0%         N/A       91%         2
 Sublimation of Blood     Necr           0%         N/A       91%         2
 Wereblood                Tmut           0%         N/A       91%         2
 Dazzling Flash           Conj/Hex       0%         N/A       99%         3
 Mephitic Cloud           Conj/Pois/Air  0%         N/A       99%         3
 Spider Form              Tmut/Pois      0%         N/A       99%         3
 Airstrike                Air            0%         2d(0-16)  100%        4
 Ice Form                 Ice/Tmut       0%         N/A       100%        4
 Iskenderun's Mystic Bla  Conj/Tloc      0%         2d3       100%        4
 Summon Lightning Spire   Summ/Air       0%         N/A       100%        4
 Agony                    Necr           0%         N/A       100%        5
 Alistair's Intoxication  Tmut/Pois      0%         N/A       100%        5
 Freezing Cloud           Conj/Ice/Air   0%         6-21      100%        5
 Irradiate                Conj/Tmut      0%         3d11      100%        5
 Lightning Bolt           Conj/Air       0%         1d11      100%        5
 Silence                  Hex/Air        0%         N/A       100%        5
 Yara's Violent Unravell  Hex/Tmut       0%         3d3       100%        5
 Simulacrum               Ice/Necr       0%         N/A       100%        6
 Starburst                Conj/Fire      0%         6d3       100%        6
 Enfeeble                 Hex            0%         N/A       100%        7
 Spellforged Servitor     Conj/Summ      0%         N/A       100%        7
 Summon Hydra             Summ           0%         N/A       100%        7
 Polar Vortex             Ice            0%         N/A       100%        9


Dungeon Overview and Level Annotations

Branches:
Dungeon (10/15)            Temple (1/1) D:6            Lair (5/5) D:8
  Swamp (0/4) Lair:2        Snake (0/4) Lair:2        Slime (0/5) Lair:5
    Orc (0/2) D:9         Volcano (visited)

Altars:
Cheibriados
Dithmenos
Hepliaklqana
Kikubaaqudgha
Nemelex Xobeh
Okawaru
Ru
Vehumet
Wu Jian
Xom
Jiyva

Shops:
D:8 (

Annotations:
Lair:3 1 runed translucent door, sirJeffrey23's ghost, journeyman BaGl
Lair:5 1 runed translucent door


Innate Abilities, Weirdness & Mutations

Your life essence is reduced to manifest your ancestor. (-10% HP)
You are completely covered in molten scales. (AC +4, rF+)
A demonic guardian rushes to your aid.
You are robust. (+10% HP)
Spells you cast may paralyse nearby enemies.
Your touch may inflict minor irresistible damage on your foes.
Your natural rate of healing is unusually fast.
You occasionally lose the ability to drink potions when taking damage.


Message History

As you read the scroll labelled ZAPNIY ADOUFEE, it crumbles to dust.
It is a scroll of identify.
v - 5 scrolls of poison The boulder beetle curls into a ball and begins rolling!
Really read the scroll of poison?
Okay, then.
Unknown command.
Unknown command.
Unknown command.
As you read the scroll of identify, it crumbles to dust.
x - 5 scrolls of vulnerability
Okay, then.
Unknown command.
You feel yourself speed up.
Your sun demon hits the komodo dragon.
The komodo dragon is engulfed in flames!!
The komodo dragon barely misses your sun demon.
Your sun demon barely misses the komodo dragon.
The boulder beetle attacks as you move away!
The boulder beetle hits you!!
* * * LOW HITPOINT WARNING * * *
The boulder beetle stops rolling and uncurls.
The boulder beetle curls into a ball and begins rolling!
Okay, then.
You blink.
Your sun demon hits the komodo dragon!
The komodo dragon is engulfed in flames!!
The komodo dragon dies!
You block the boulder beetle's attack.
The boulder beetle stops rolling and uncurls.
Your sun demon closely misses the cane toad.
The boulder beetle curls into a ball and begins rolling!
As you read the scroll of identify, it crumbles to dust.
C - 5 scrolls of teleportation
As you read the scroll of teleportation, it crumbles to dust.
You feel strangely unstable. The cane toad barely misses you.
The boulder beetle attacks as you move away!
The boulder beetle hits you!!
You feel threatened and lose the ability to drink potions!
You die...

#~~~~~≈F~~~.............(....#
#~~~~~~~~~~~.~...............#
##~~~~~~~~~~~................##
###~P≈~~~≈≈~P.................
~~≈~~≈≈≈~P≈~...w.............
~~~~~≈~~P≈≈~~~....3............
~≈~~P≈~≈≈≈≈≈~~....F°...........
~PP.~P~~≈≈~~~~..FB°...$....#...
?~~P.~~~~~~P≈P~.@F.........#
~~≈~.~.............#
~~≈P~................
~~~~.#..............#.
P#~~.#.............## ###
#.............# #..........
..........


You could see a boulder beetle (rolling), a tyrant leech, 3 cane toads and a
friendly sun demon (summoned).

Vanquished Creatures
  The ghost of wormed the Reanimator, a journeyman DsEE of Vehumet (Lair:1)
  An ice dragon (Lair:1)
  A centaur warrior (Volcano)
  A two-headed ogre (D:8)
  A boulder beetle (Lair:4)
  A hell knight (Volcano)
  Amaemon (D:9)
  A goliath frog (Lair:5)
  Pikel (D:7)
  The ghost of demibob the Basher, a novice TrBe of Trog (D:5)
  A black mamba (Lair:2)
  3 elephants (Lair:2)
  5 cane toads
  8 rime drakes
  A kobold demonologist (D:10)
  A yaktaur (Volcano)
  2 komodo dragons
  2 polar bears
  A hornet (D:8)
  8 blink frogs
  Prince Ribbit (D:8)
  4 dream sheep (Lair:2)
  3 wyverns
  21 yaks
  A basilisk (D:8)
  A wraith (D:10)
  A fire bat (Volcano)
  2 steam dragons
  Grum (D:8)
  5 vampire mosquitoes
  2 acid dragons
  3 nagas (Lair:2)
  7 water moccasins
  4 orc warriors
  2 sky beasts
  A black bear (Lair:2)
  An ice beast (D:6)
  14 wolves
  3 centaurs
  13 bullfrogs
  6 kobold brigands
  A gnoll sergeant (D:7)
  A necrophage (D:6)
  3 scorpions
  12 wights
  A hornet simulacrum (Lair:1)
  6 killer bees (D:8)
  A blink frog simulacrum (Lair:1)
  2 howler monkeys
  3 lava snakes (Volcano)
  2 hounds
  A jelly (D:6)
  7 orc priests
  A water moccasin simulacrum (Lair:1)
  Jessica (D:2)
  8 orc wizards
  3 iguanas
  A polar bear simulacrum (Lair:1)
  2 yak simulacra (Lair:1)
  A bullfrog simulacrum (Lair:1)
  Robin (D:2)
  6 gnolls
  10 adders
  A shadow imp (D:7)
  A white imp (D:5)
  An ufetubus (D:5)
  3 worms
  2 dart slugs (D:1)
  54 orcs
  8 ball pythons
  6 bats
  8 endoplasms
  2 giant cockroaches
  12 hobgoblins
  9 jackals
  18 kobolds
  3 quokkas
  A training dummy (D:8)
  3 frilled lizards
  13 goblins
  8 rats
365 creatures vanquished.

Vanquished Creatures (collateral kills)
  Nessos (Lair:4)
  2 hydras
  A two-headed ogre (D:10)
  Sonja (Lair:3)
  A goliath frog (Lair:5)
  Maurice (D:9)
  2 elephants
  2 molten gargoyles (Volcano)
  An orange demon (D:9)
  8 cane toads
  A rime drake (Lair:1)
  3 komodo dragons
  A polar bear (Lair:2)
  A tyrant leech (Lair:5)
  8 blink frogs
  A dream sheep (Lair:3)
  4 basilisks
  2 wyverns
  A fire bat (Volcano)
  8 yaks
  2 vampire mosquitoes (D:10)
  5 water moccasins
  3 orc warriors
  An ice beast (D:7)
  A black bear (Lair:3)
  14 wolves
  A centaur (Volcano)
  4 bullfrogs
  A scorpion (D:6)
  4 lava snakes (Volcano)
  2 orc priests (D:10)
  An orc wizard (D:9)
  A gnoll (D:7)
  9 orcs
  An endoplasm (D:1)
  2 training dummies (D:8)
  5 kobolds
107 creatures vanquished.

Vanquished Creatures (others)
  6 battlemagi
  6 ancestors
  A bush (Lair:4)
  18 fungi
  54 plants
85 creatures vanquished.

Grand Total: 557 creatures vanquished

Notes
Turn   | Place    | Note
-------+----------+-------------------------------------------
     0 | D:5      | flotson the Demonspawn Delver began the quest for the Orb.
     0 | D:5      | Reached XP level 1. HP: 18/18 MP: 1/1
     5 | D:5      | Found a runed translucent door.
    50 | D:5      | Noticed a bullfrog
    50 | D:5      | Noticed demibob's ghost (novice TrBe)
   180 | D:4      | Gained mutation: You are partially covered in molten
                  | scales. (AC +2) [demonic ancestry]
   180 | D:4      | Reached XP level 2. HP: 24/24 MP: 2/2
   248 | D:5      | Noticed a scorpion
   261 | D:4      | Reached skill level 2 in Axes
   311 | D:3      | Gained mutation: A weak demonic guardian rushes to your
                  | aid. [demonic ancestry]
   311 | D:3      | Reached XP level 3. HP: 29/29 MP: 3/3
   312 | D:3      | Reached skill level 1 in Evocations
   395 | D:2      | Identified the +2 helmet of Courage {+Blink}
   395 | D:2      | Noticed Robin
   398 | D:2      | Killed Robin
   410 | D:2      | Gained mutation: You occasionally lose the ability to drink
                  | potions when taking damage. [potion of mutation]
   410 | D:2      | Gained mutation: Your natural rate of healing is unusually
                  | fast. [potion of mutation]
   415 | D:2      | Reached skill level 1 in Armour
   436 | D:2      | Gained mutation: Spells you cast may paralyse adjacent
                  | enemies. [demonic ancestry]
   436 | D:2      | Reached XP level 4. HP: 35/35 MP: 4/4
  1106 | D:1      | Reached skill level 1 in Throwing
  1454 | D:2      | Noticed Jessica
  1460 | D:2      | Killed Jessica
  1461 | D:2      | Reached skill level 5 in Stealth
  1461 | D:2      | Reached XP level 5. HP: 41/41 MP: 5/5
  2452 | D:4      | Gained mutation: You are mostly covered in molten scales.
                  | (AC +3) [demonic ancestry]
  2452 | D:4      | Reached XP level 6. HP: 26/47 MP: 6/6
  2614 | D:4      | Reached skill level 1 in Shields
  2780 | D:4      | Reached skill level 3 in Axes
  4316 | D:5      | Found an ornate altar of the Wu Jian Council.
  4795 | D:5      | Reached XP level 7. HP: 53/53 MP: 7/7
  5319 | D:5      | Killed demibob's ghost
  5320 | D:5      | Reached skill level 4 in Axes
  5369 | D:6      | Gained mutation: You are robust. (+10% HP) [demonic
                  | ancestry]
  5369 | D:6      | Reached XP level 8. HP: 43/67 MP: 8/8
  5591 | D:6      | Found a staircase to the Ecumenical Temple.
  5603 | Temple   | Entered the Ecumenical Temple
  5649 | Temple   | Became a worshipper of Hepliaklqana the Forgotten
  5716 | D:6      | Identified the +7 falchion of Scorn {heavy, Fly rElec
                  | Int+2}
  5783 | D:6      | Reached skill level 1 in Invocations
  6117 | D:7      | Reached skill level 5 in Axes
  6215 | D:7      | Reached * piety under Hepliaklqana
  6292 | D:7      | Reached skill level 5 in Fighting
  6357 | D:7      | Noticed Pikel
  6360 | D:7      | Gained mutation: You are completely covered in molten
                  | scales. (AC +4, rF+) [demonic ancestry]
  6360 | D:7      | Reached XP level 9. HP: 66/68 MP: 10/10
  6378 | D:7      | Killed Pikel
  6768 | D:7      | Found an ancient bone altar of Kikubaaqudgha.
  7079 | D:8      | Noticed Prince Ribbit
  7084 | D:8      | Killed Prince Ribbit
  7085 | D:8      | Reached skill level 6 in Axes
  7117 | D:8      | Noticed a two-headed ogre
  7125 | D:8      | Killed a two-headed ogre
  7126 | D:8      | Gained mutation: Spells you cast may paralyse nearby
                  | enemies. [demonic ancestry]
  7126 | D:8      | Reached XP level 10. HP: 53/76 MP: 13/13
  7216 | D:8      | Reached skill level 5 in Evocations
  7237 | D:8      | Paralysed by a hornet for 2 turns
  7240 | D:8      | Reached skill level 5 in Dodging
  7371 | D:8      | Noticed Grum
  7381 | D:8      | Killed Grum
  7510 | D:8      | Noticed an elephant
  7528 | D:8      | Killed an elephant
  7529 | D:8      | Reached skill level 7 in Axes
  7529 | D:8      | Reached skill level 5 in Invocations
  7558 | D:8      | Found a staircase to the Lair.
  7579 | D:8      | Reached skill level 5 in Armour
  7717 | D:8      | Found Necemo's Firing Range.
  7786 | D:9      | Found a staircase to the Orcish Mines.
  7959 | D:9      | Reached ** piety under Hepliaklqana
  7960 | D:9      | Remembered your ancestor Publia as a battlemage
  8163 | D:9      | Noticed Amaemon
  8164 | D:9      | Noticed an orange demon
  8168 | D:9      | Killed Amaemon
  8169 | D:9      | Reached skill level 5 in Throwing
  8174 | D:9      | Killed an orange demon
  8175 | D:9      | Gained mutation: Your touch may inflict minor irresistible
                  | damage on your foes. [demonic ancestry]
  8175 | D:9      | Reached XP level 11. HP: 77/83 MP: 15/15
  8180 | D:9      | Noticed Maurice
  8187 | D:9      | Killed Maurice
  8460 | D:10     | Entered Level 10 of the Dungeon
  8474 | D:10     | Reached skill level 5 in Shields
  8538 | D:10     | Noticed a two-headed ogre
  8543 | D:10     | Killed a two-headed ogre
  8614 | D:10     | Reached *** piety under Hepliaklqana
  8833 | D:10     | Found an iron altar of Okawaru.
  8833 | D:10     | Found a snail-covered altar of Cheibriados.
  8834 | D:10     | Found a shimmering altar of Xom.
  8860 | D:10     | Identified the +6 chain mail of the Nexus {rF+ Str+5 Dex+2}
  8986 | D:10     | Noticed a sun demon
  8986 | D:10     | Noticed a sun demon
  8989 | D:10     | Reached skill level 8 in Axes
  9127 | Lair:1   | Entered Level 1 of the Lair of Beasts
  9193 | Lair:1   | Noticed an ice dragon
  9200 | Lair:1   | Found a runed translucent gate.
  9200 | Lair:1   | Found a runed translucent gate.
  9200 | Lair:1   | Found a runed translucent gate.
  9454 | Lair:1   | Reached **** piety under Hepliaklqana
  9534 | Lair:1   | Found a dark tunnel.
  9544 | Volcano  | Entered a volcano
  9812 | Volcano  | Found a radiant altar of Vehumet.
  9812 | Volcano  | Noticed a centaur warrior
  9815 | Volcano  | Killed a centaur warrior
  9818 | Volcano  | Gained mutation: A demonic guardian rushes to your aid.
                  | [demonic ancestry]
  9818 | Volcano  | Reached XP level 12. HP: 82/91 MP: 17/17
  9843 | Volcano  | Got the Papyrus of Inference
 10219 | Lair:1   | Reached skill level 9 in Axes
 10234 | Lair:1   | Noticed wormed's ghost (journeyman DsEE)
 10672 | Lair:1   | Killed wormed's ghost
 10691 | Lair:1   | Killed an ice dragon
 10846 | Lair:2   | Found a staircase to the Swamp.
 10908 | Lair:2   | Found a staircase to the Snake Pit.
 11173 | Lair:2   | Reached ***** piety under Hepliaklqana
 11300 | Lair:2   | Got the Almanac of Blasted Dislocation
 11551 | Lair:3   | Noticed Sonja
 11555 | Lair:2   | Reached skill level 10 in Axes
 11555 | Lair:2   | Reached XP level 13. HP: 55/99 MP: 19/19
 11605 | Lair:3   | Killed Sonja
 12214 | Lair:3   | Found a runed translucent door.
 12214 | Lair:3   | Noticed sirJeffrey23's ghost (journeyman BaGl)
 12216 | Lair:3   | Identified the +5 spear "Ceschaden" {drain, rPois Str+4
                  | Int+3}
 12342 | Lair:4   | Noticed Nessos
 12482 | Lair:4   | Killed Nessos
 13113 | Lair:5   | Entered Level 5 of the Lair of Beasts
 13113 | Lair:5   | Found a runed translucent door.
 13113 | Lair:5   | Found a viscous altar of Jiyva.
 13114 | Lair:5   | Found a staircase to the Slime Pits.
 13323 | Lair:5   | Mangled by a boulder beetle

Illustrated notes

Levels and vault maps discovered:
D:1:      minmay_arrival_shoal_huts, layout_loops_corners, minmay_tromino_v4_b
D:2:      layout_basic, dreamdust_wishing_well, grunt_ministairs_15,
          uniq_jessica, uniq_robin
D:3:      layout_loops_ring, hangedman_feature_mirror
D:4:      layout_basic
D:5:      layout_layer_cave, mainiacjoe_overflow_alcove_4, ebering_ghost_sewer_d
D:6:      layout_basic, minmay_temple_entry_overgrown
D:7:      layout_basic, general_overflow_altar, uniq_pikel
D:8:      layout_loops_ring, david_lair_generic, nicolae_shop_firing_range,
          uniq_prince_ribbit1, uniq_grum
D:9:      layout_irregular_city, minmay_orc_entry_temple_small, uniq_maurice,
          uniq_amaemon
D:10:     layout_irregular_city, gammafunk_temple_overflow_forgotten
Temple:   minmay_crystal_spiral_temple
Lair:1:   layout_chaotic_city, enter_volcano_4, gammafunk_ghost_icy,
          beast_lair_carwin_10, grunt_megastairs_3
Lair:2:   layout_regular_city, swamp_mist_pool,
          minmay_snake_entry_guardpost_small, grunt_megastairs_4,
          lemuel_fruit_fields
Lair:3:   layout_chaotic_city, ebering_ghost_funeral_grove, lemuel_fruit_fields,
          serial_bayou_shore_b, infiniplex_staircase_pool, uniq_sonja
Lair:4:   layout_misc_corridors, uniq_nessos
Lair:5:   minmay_lair_end_frog_pond, layout_regular_city, slime_entry_2

Skill      XL: |  1  2  3  4  5  6  7  8  9 10 11 12 13 |
---------------+----------------------------------------+-----
Axes           | 2 3 4 5 6 7 8 10 | 10.9
Dodging        | 2 3 4 5 6 7 8 |  8.0
Evocations     | 1 2 3 4 5 6 7 8 |  8.3
Armour         | 1 2 3 4 5 6 7 |  7.7
Throwing       | 1 2 3 4 5 6 7 |  7.5
Stealth        | 5 |  5.0
Shields        | 1 2 3 4 5 6 8 |  8.0
Fighting       | 4 5 6 7 8 9 |  9.0
Invocations    | 2 4 5 7 8 |  8.0

Action                   |  1- 3 |  4- 6 |  7- 9 | 10-12 | 13-15 || total
-------------------------+-------+-------+-------+-------+-------++-------
Melee: Hand axe          |     8 |       |       |       |       ||     8
       Flail             |    70 |   224 |       |       |       ||   294
       War axe           |       |    21 |   213 |   373 |   134 ||   741
       Trident           |       |       |       |     5 |       ||     5
Throw: Boomerang         |       |       |     6 |     5 |       ||    11
       Dart              |       |       |       |     3 |     1 ||     4
Invok: Ancestor Life: Ba |       |       |       |     1 |       ||     1
       Recall Ancestor   |       |       |       |       |     1 ||     1
 Abil: Evoke Blink       |       |       |       |       |     2 ||     2
Evoke: Wand              |       |       |       |     3 |     1 ||     4
  Use: Scroll            |     2 |       |       |       |     4 ||     6
       Potion            |     3 |       |       |       |     2 ||     5
 Stab: Sleeping          |       |     3 |     5 |     4 |       ||    12
       Distracted        |       |       |     3 |    10 |     8 ||    21
Armor: Scale mail        |    79 |   161 |       |       |       ||   240
       Leather armour    |       |    38 |    56 |       |       ||    94
       Steam dragon scal |       |       |    53 |    75 |       ||   128
       Chain mail        |       |       |       |   271 |   131 ||   402
Dodge: Dodged            |    99 |   217 |   214 |   364 |   122 ||  1016
Block: Buckler           |       |    55 |    81 |   180 |    59 ||   375

Table legend: (Time is in decaauts)
 A = Elapsed time spent in this place.
 B = Non-inter-level travel time spent in this place.
 C = Inter-level travel time spent in this place.
 D = Time resting spent in this place.
 E = Time spent auto-exploring this place.
 F = Levels seen in this place.
 G = Mean time per level.
                   A        B        C        D        E       F      G
               +--------+--------+--------+--------+--------+-----+--------+
         Total |  14168 |  13570 |    598 |    177 |   9873 |  17 |  833.4 |
       Dungeon |   9717 |   9278 |    439 |     41 |   6789 |  10 |  971.7 |
        Temple |     77 |     46 |     31 |      0 |     39 |   1 |   77.0 |
          Lair |   3846 |   3718 |    128 |    112 |   2714 |   5 |  769.2 |
       Volcano |    527 |    527 |      0 |     24 |    331 |   1 |  527.0 |
               +--------+--------+--------+--------+--------+-----+--------+

Top non-repeatable levels by time:
     D:3: 1477 daAuts
     D:4: 1369 daAuts
     D:5: 1289 daAuts
  Lair:1: 1150 daAuts
     D:1: 984 daAuts
     D:7: 982 daAuts
  Lair:2: 949 daAuts
     D:8: 909 daAuts
  Lair:3: 781 daAuts
     D:9: 757 daAuts
  Lair:4: 733 daAuts
     D:6: 718 daAuts
    D:10: 639 daAuts
     D:2: 591 daAuts
 Volcano: 527 daAuts
